 Dungeon Crawl Stone Soup version 0.18-b1-22-ge198996 (webtiles) character file.

5232 LORDOFBUTT the Grappler (level 10, 0/102 HPs)
             Began as a Troll Berserker on May 3, 2016.
             Was a High Priest of Trog.
             Slain by Gastronok (18 damage)
             ... on level 1 of the Lair of Beasts.
             The game lasted 00:11:03 (7508 turns).

LORDOFBUTT the Grappler (Troll Berserker)           Turns: 7508, Time: 00:11:04

Health: 0/102      AC:  5    Str: 27    XL:     10   Next: 35%
Magic:  9/9        EV: 13    Int:  3    God:    Trog [*****.]
Gold:   383        SH:  0    Dex: 12    Spells: 0 memorised, 9 levels left

rFire  + . .     SeeInvis .       - Unarmed
rCold  . . .     Gourm    +     d - +0 robe (curse)
rNeg   + . .     Faith    .     (no shield)
rPois  .         Spirit   .     (helmet restricted)
rElec  .         Dismiss  .     (no cloak)
rCorr  .         Reflect  .     (gloves unavailable)
SustAt .         Harm     .     (boots unavailable)
MR     .....                    (no amulet)
Stlth  +.........               I - ring of positive energy
                                o - ring of protection from fire

@: lethally poisoned (0 -> 0), not resistant to hostile enchantments, very
unstealthy
A: unfitting armour, claws 3, fast metabolism 3, gourmand, regeneration 2,
shaggy fur 1, tough skin 2
a: Berserk, Trog's Hand, Brothers in Arms, Burn Spellbooks, Renounce Religion


You were on level 1 of the Lair of Beasts.
You worshipped Trog.
Trog was extremely pleased with you.
You were not hungry.

You visited 2 branches of the dungeon, and saw 9 of its levels.
You also visited: Sewer.

You collected 383 gold pieces.

Inventory:

Hand Weapons
 E - a +11 antimagic giant club
Armour
 a - a +0 animal skin
 d - a cursed +0 robe (worn)
Jewellery
 o - a ring of protection from fire (left claw)
 x - an uncursed amulet of regeneration
 z - an uncursed amulet of rage
 H - an uncursed ring of protection from fire
 I - a ring of positive energy (right claw)
Wands
 y - a wand of iceblast (8/15)
 L - a wand of disintegration (2/24)
Scrolls
 f - 2 scrolls of teleportation
 i - a scroll of random uselessness {unknown}
 k - a scroll of noise {unknown}
 m - 3 scrolls of remove curse {unknown}
 p - 2 scrolls of fear {unknown}
 u - a scroll of enchant weapon {unknown}
 v - a scroll of amnesia {unknown}
 J - 2 scrolls of recharging {unknown}
 K - a scroll of enchant armour {unknown}
 M - a scroll of identify
Potions
 c - a potion of ambrosia {unknown}
 e - 4 potions of cure mutation
 g - a potion of agility {unknown}
 h - 2 potions of cancellation
 l - 3 potions of heal wounds
 n - 3 potions of brilliance
 q - 4 potions of flight
 s - 2 potions of curing {unknown}
 w - 2 potions of might {unknown}
 A - 3 potions of lignification
 D - a potion of resistance {unknown}
 F - 2 potions of mutation {unknown}
 G - a potion of magic {unknown}
Books
 C - a book of Changes

   Spells                             Type                      Level
   a - Beastly Appendage              Transmutation                1
   b - Sticks to Snakes               Transmutation                2
   c - Spider Form                    Transmutation/Poison         3
   d - Ice Form                       Ice/Transmutation            4
   e - Blade Hands                    Transmutation                5
   Trog disapproves of the use of such an item.
Comestibles
 b - 7 bread rations
 j - 3 slices of pizza
 r - 2 beef jerkies
 t - a meat ration
 B - a royal jelly
 N - 17 fruits


   Skills:
 + Level 7.2 Fighting
 * Level 5.4 Maces & Flails
 + Level 7.2 Dodging
 + Level 8.9 Unarmed Combat


You had 9 spell levels left.
You didn't know any spells.

Dungeon Overview and Level Annotations

Branches:
Dungeon (8/15)             Temple (0/1) D:4            Lair (1/8) D:8

Altars:
Ashenzari
Dithmenos
Fedhas
Gozag
Nemelex Xobeh
Qazlal
Sif Muna
Vehumet

Annotations:
Lair:1 Gastronok


Innate Abilities, Weirdness & Mutations

You are too large for most types of armour.
You have claws for hands.
Your metabolism is lightning-fast.
You like to eat raw meat.
You heal very quickly.
You are covered in fur (AC +1).
You have very tough skin (AC +2).


Message History

You are too injured to fight recklessly!
You are too injured to fight recklessly!
You are too injured to fight recklessly!
You are too injured to fight recklessly!
You mangle Gastronok!!
Gastronok is lightly wounded.
You claw Gastronok!
Gastronok is moderately wounded.
You feel sick. Gastronok bites you!
* * * LOW HITPOINT WARNING * * *
You scratch Gastronok.
Gastronok is moderately wounded.
You claw Gastronok!
Gastronok is moderately wounded.
You mangle Gastronok!!
Gastronok is heavily wounded.
You feel sick.
Gastronok gurgles.
Gastronok bites you!!
You die...

#.............##
#................
......†..####PP.#
#####....# #####
.......!##
...#.....#
....#....## .##
!...#...†.#....#
........@.......
........w......
...............
...#...........
...#..P##......
.. ...# P.....
.#.# #...%# +##.
#..##


You could see Gastronok.

Vanquished Creatures
  A spiny frog (Lair:1)
  A troll (D:7)
  Grinder (D:4)
  Prince Ribbit (D:7)
  Sigmund (D:4)
  A basilisk (Lair:1)
  Eustachio (D:6)
  A hippogriff (D:8)
  A hungry ghost (D:8)
  Menkaure (D:4)
  A water moccasin (Lair:1)
  3 phantoms
  2 orc warriors
  A wasp (D:7)
  2 ogres
  4 centaurs
  Blork the orc (D:4)
  A big kobold (Sewer)
  3 giant frogs
  A gnoll sergeant (D:5)
  3 scorpions
  2 wyvern skeletons (D:7)
  A water moccasin skeleton (D:6)
  5 wights (D:6)
  2 crimson imps (D:7)
  A giant frog zombie (D:8)
  A quasit (D:7)
  2 hounds
  6 orc priests
  9 orc wizards
  Jessica (D:2)
  3 iguanas
  Ijyb (D:2)
  9 worker ants
  A killer bee zombie (D:8)
  2 hound skeletons (D:8)
  A worker ant zombie (D:8)
  14 gnolls
  13 adders
  4 river rats
  3 shadow imps
  An ooze (D:4)
  An adder zombie (D:5)
  7 worms
  2 dart slugs
  5 giant geckos
  34 orcs
  15 ball pythons
  7 giant cockroaches
  6 goblins
  19 hobgoblins
  14 jackals
  3 quokkas
  8 bats
  2 giant newts
  A jackal skeleton (D:4)
  14 kobolds
  12 rats
264 creatures vanquished.

Vanquished Creatures (others)
  An orc (D:4)
1 creature vanquished.

Grand Total: 265 creatures vanquished

Notes
Turn   | Place    | Note
--------------------------------------------------------------
     0 | D:1      | LORDOFBUTT the Troll Berserker began the quest for the Orb.
     0 | D:1      | Reached XP level 1. HP: 22/22 MP: 0/0
   199 | D:1      | Reached XP level 2. HP: 27/29 MP: 1/1
   716 | D:2      | Reached XP level 3. HP: 34/36 MP: 2/2
   724 | D:2      | Reached ** piety under Trog
   797 | D:2      | Noticed Ijyb
   805 | D:2      | Killed Ijyb
   805 | D:2      | Reached XP level 4. HP: 45/45 MP: 3/3
  1074 | D:2      | Reached XP level 5. HP: 51/53 MP: 4/4
  1184 | D:2      | Noticed Jessica
  1194 | D:2      | Killed Jessica
  1194 | D:2      | Reached skill level 4 in Unarmed Combat
  1197 | D:2      | Reached *** piety under Trog
  1723 | D:3      | Found a shadowy altar of Dithmenos.
  1753 | D:3      | Reached XP level 6. HP: 43/62 MP: 5/5
  1998 | D:3      | Reached **** piety under Trog
  2030 | D:3      | Found a glowing drain.
  2044 | Sewer    | Entered a sewer
  2186 | Sewer    | Found a white marble altar of Elyvilon.
  2545 | D:3      | Reached skill level 5 in Unarmed Combat
  2740 | D:4      | Noticed Grinder
  2756 | D:4      | Killed Grinder
  2756 | D:4      | Reached XP level 7. HP: 29/71 MP: 6/6
  2871 | D:4      | Noticed Menkaure
  2876 | D:4      | Killed Menkaure
  2882 | D:4      | Noticed Sigmund
  2914 | D:4      | Killed Sigmund
  2914 | D:4      | Reached skill level 5 in Fighting
  2914 | D:4      | Reached skill level 5 in Dodging
  2914 | D:4      | Reached skill level 6 in Unarmed Combat
  3004 | D:4      | Reached XP level 8. HP: 70/80 MP: 7/7
  3230 | D:4      | Found a staircase to the Ecumenical Temple.
  3248 | D:4      | Reached ***** piety under Trog
  3477 | D:4      | Noticed Blork the orc
  3487 | D:4      | Killed Blork the orc
  3825 | D:5      | Entered Level 5 of the Dungeon
  3832 | D:5      | Reached skill level 7 in Unarmed Combat
  3915 | D:5      | Found an opulent altar of Gozag.
  4193 | D:5      | Found a shattered altar of Ashenzari.
  4549 | D:6      | Reached XP level 9. HP: 69/89 MP: 8/8
  4690 | D:6      | Received a gift from Trog
  4800 | D:6      | Noticed Eustachio
  4809 | D:6      | Killed Eustachio
  4809 | D:6      | Reached skill level 1 in Maces & Flails
  5514 | D:6      | Found a radiant altar of Vehumet.
  5514 | D:6      | Found a stormy altar of Qazlal.
  5884 | D:7      | Noticed Prince Ribbit
  6034 | D:7      | Killed Prince Ribbit
  6070 | D:7      | Reached skill level 8 in Unarmed Combat
  6415 | D:7      | Noticed a troll
  6419 | D:7      | Killed a troll
  6534 | D:7      | Reached XP level 10. HP: 63/100 MP: 9/9
  6737 | D:8      | Found a staircase to the Lair.
  6972 | D:8      | Found a sparkling altar of Nemelex Xobeh.
  7171 | D:8      | Found a deep blue altar of Sif Muna.
  7322 | D:8      | Found a blossoming altar of Fedhas.
  7385 | D:8      | Reached skill level 5 in Maces & Flails
  7414 | Lair:1   | Entered Level 1 of the Lair of Beasts
  7472 | Lair:1   | Noticed a spiny frog
  7479 | Lair:1   | Killed a spiny frog
  7498 | Lair:1   | Noticed Gastronok
  7508 | Lair:1   | Slain by Gastronok

Skill      XL: |  1  2  3  4  5  6  7  8  9 10 |
---------------+-------------------------------+-----
Fighting       | 3 4 5 6 7 |  7.2
Dodging        | 3 4 5 6 7 |  7.2
Unarmed Combat | 4 5 6 7 8 |  8.9
Maces & Flails | 4 5 |  5.4

Action                   |  1- 3 |  4- 6 |  7- 9 | 10-12 || total
-------------------------+-------+-------+-------+-------++-------
Melee: Unarmed           |    77 |   263 |   311 |   104 ||   755
       Punch             |       |     3 |    15 |     3 ||    21
       Giant club        |       |       |    41 |       ||    41
Invok: Berserk           |       |       |     1 |       ||     1
  Use: Scroll            |       |     2 |     4 |     1 ||     7
 Stab: Sleeping          |     1 |     2 |     1 |       ||     4
  Eat: Chunk             |    13 |    18 |    32 |     9 ||    72
Armor: Robe              |    53 |    77 |    74 |    13 ||   217
       Animal skin       |     3 |       |       |       ||     3
Dodge: Dodged            |    64 |   139 |   214 |    72 ||   489
